 Dungeon Crawl Stone Soup version 0.21.1-1-g345015fe64 (webtiles) character file.

3528 Hercules1031 the Slicer (level 9, -5/74 HPs)
             Began as a Black Draconian Chaos Knight on June 18, 2018.
             Killed from afar by an efreet (19 damage)
             ... with a fireball
             ... on level 8 of the Dungeon.
             The game lasted 00:44:04 (7323 turns).

Hercules1031 the Slicer (DrCK)                      Turns: 7323, Time: 00:44:04

Health: -5/74      AC: 12    Str: 13 (15) XL:     9   Next: 82%
Magic:  9/9        EV: 14    Int: 13 (14) God:    Xom [....*.]
Gold:   196        SH: 12    Dex: 13 (14) Spells: 8/8 levels left

rFire    . . .     SeeInvis +   l - +7 short sword of Ceckab {vamp, rElec rN++ Str-4 Dex+2}
rCold    . . .     Gourm    .   m - +2 shield
rNeg     + + .     Faith    .   (armour unavailable)
rPois    .         Spirit   .   (helmet restricted)
rElec    +         Reflect  .   F - +0 cloak
rCorr    .         Harm     .   k - +0 pair of gloves
MR       .....                  (no boots)
Stlth    +.........             (no amulet)
HPRegen  0.22/turn              d - ring of see invisible
MPRegen  0.11/turn              n - +3 ring of protection

@: about to teleport, short of breath, very slightly contaminated, invisible
A: breathe lightning, unfitting armour, fangs 1, horns 1, stinger 1, talons 1,
agile 1, electricity resistance, strong 1, cold-blooded, AC +7
a: Breathe Lightning, Renounce Religion


You were on level 8 of the Dungeon.
You worshipped Xom.
You were a beloved toy of Xom.
You were not hungry.

You visited 2 branches of the dungeon, and saw 9 of its levels.

You collected 484 gold pieces.
You spent 288 gold pieces at shops.

Inventory:

Hand Weapons
 a - a +2 hand axe of chaos
 e - a +2 flail of draining
 g - a +3 rapier of flaming
 h - a +1 falchion of draining
 j - a +5 scythe of chaos
 l - the +7 short sword of Ceckab (weapon) {vamp, rElec rN++ Str-4 Dex+2}
   (You found it on level 4 of the Dungeon)

   It inflicts no extra harm, but heals its wielder when it wounds a living foe.
   It affects your strength (-4).
   It affects your dexterity (+2).
   It insulates you from electricity.
   It greatly protects you from negative energy.
 v - a cursed +1 flail
 w - a +3 long sword
 A - a +2 falchion of slicing
 E - a +3 quarterstaff of chaos
Armour
 k - a +0 pair of gloves (worn)
 m - a +2 shield (worn)
 F - a +0 cloak (worn)
Jewellery
 d - a ring of see invisible (left hand)
 n - a +3 ring of protection (right hand)
Wands
 i - a wand of disintegration (25)
 p - a wand of paralysis (21)
 y - a wand of iceblast (11)
 B - a wand of random effects (25)
Scrolls
 b - 2 scrolls of magic mapping
 t - 2 scrolls of teleportation
Potions
 o - a potion of berserk rage
Comestibles
 f - 2 rations


   Skills:
 + Level 5.3 Fighting
 * Level 8.2 Short Blades
 - Level 4.9(5.2) Axes
 - Level 2.5(4.0) Polearms
 + Level 6.3 Dodging
 + Level 6.8 Shields


You had 8 spell levels left.
You didn't know any spells.

Dungeon Overview and Level Annotations

Branches:
Dungeon (8/15)             Temple (1/1) D:6            Lair (0/6) D:8

Altars:
Ashenzari
Cheibriados
Dithmenos
Elyvilon
Fedhas
Gozag
Hepliaklqana
Kikubaaqudgha
Makhleb
Nemelex Xobeh
Okawaru
Qazlal
Ru
Sif Muna
Trog
Uskayaw
Vehumet
Xom
Zin
The Shining One

Shops:
D:5 [


Innate Abilities, Weirdness & Mutations

You can breathe wild blasts of lightning.
Your glossy black scales are hard. (AC +7)
You cannot fit into any form of body armour.
You are resistant to electric shocks. (rElec)
You are cold-blooded and may be slowed by cold attacks.
You have very sharp teeth.
You have a pair of small horns on your head.
Your tail ends in a poisonous barb.
You have sharp toenails.
You are agile. (Dex +2)
Your muscles are strong. (Str +2)


Message History

The efreet gestures at you.
The fireball explodes!
The fireball engulfs you!
The fireball engulfs the efreet.
The efreet completely resists.
You feel better. The efreet hits you!
You hit the efreet. Your kick misses the efreet.
You headbutt the efreet, but do no damage.
The efreet is lightly wounded.
You hit the efreet but do no damage.
The efreet is lightly wounded.
The efreet hits you!
* * * LOW HITPOINT WARNING * * *
You fade into invisibility!
You block the efreet's attack.
You are very lightly contaminated with residual magic.
As you read the scroll of teleportation, it crumbles to dust.
You feel strangely unstable. The efreet gestures at you.
The fireball explodes!
The fireball engulfs you!
You die...
Xom chuckles heartily!

,*,,*,,,,,,,,,,,,**,,*#..##..##..
,*,,*,,,,§§§....,*****#..##..##..
**,,*,,,≈§§≈≈§..,,,,,#.......#...
**,,***,≈≈..≈§≈.,,,,,+.......#...
>,,,**,,≈≈≈§§≈§.,,,,,#.......#.<.
,,,,,,,,≈≈§§≈≈≈.**####*#####.####
,,,,,,,,,§§§≈§≈.###..###.###.##..
**+***,,,!≈≈§≈.R.................
**,,**,,,.......@...†............
,+,,,*,,,#.........(.............
,*,,**,,*#................##.....
**+***,,*#..##..####..##..##.....
**,,**,,*#.,*#..***#..##..##.....
**,,,,,,*.,,....,,.....#...+.....
**,,,,,,*,,.....,......+...#.....
**,,******,###..,###..##..###..##
**********,***,,,***,,******####*


You could see an efreet.

Vanquished Creatures
  A two-headed ogre (D:8)
  Joseph (D:7)
  Grinder (D:5)
  Sigmund (D:3)
  A hell hound (D:8)
  3 sky beasts
  A necrophage (D:7)
  An orc warrior (D:7)
  4 ogres
  A bullfrog (D:7)
  A water moccasin zombie (D:5)
  3 scorpions
  3 wights (D:7)
  A howler monkey (D:6)
  4 crimson imps
  A hound (D:5)
  2 orc wizards
  3 orc priests
  Crazy Yiuf (D:7)
  A jelly (D:6)
  A bullfrog skeleton (D:4)
  An iguana (D:7)
  7 worker ants
  A gnoll (D:1)
  4 adders
  A shadow imp (D:5)
  5 worms
  2 dart slugs (D:1)
  5 leopard geckos
  35 orcs
  A ball python (D:2)
  4 giant cockroaches
  14 goblins
  5 hobgoblins
  4 jackals (D:2)
  4 quokkas
  6 bats
  5 frilled lizards
  8 kobolds
  A leopard gecko zombie (D:8)
  9 rats
  5 fungi (D:3)
163 creatures vanquished.

Vanquished Creatures (collateral kills)
  An orc warrior (D:6)
  A centaur (D:6)
  A bullfrog (D:6)
  A crimson imp (D:6)
  A bullfrog skeleton (D:6)
  A shadow imp (D:6)
  3 orcs
9 creatures vanquished.

Vanquished Creatures (others)
  A kobold (D:1)
1 creature vanquished.

Grand Total: 173 creatures vanquished

Notes
Turn   | Place    | Note
-------+----------+-------------------------------------------
     0 | D:1      | Hercules1031 the Draconian Chaos Knight began the quest for the Orb.
     0 | D:1      | Reached XP level 1. HP: 19/19 MP: 1/1
    87 | D:1      | XOM: divination: magic mapping
   189 | D:1      | XOM: butterfly on damage
   343 | D:1      | XOM: silly message
   436 | D:1      | Reached XP level 2. HP: 25/26 MP: 2/2
   716 | D:1      | XOM: butterfly on damage
   716 | D:1      | XOM: smoke on damage
   717 | D:1      | Reached XP level 3. HP: 13/33 MP: 3/3
  1353 | D:2      | Found a white marble altar of Elyvilon.
  1702 | D:2      | Reached XP level 4. HP: 37/40 MP: 4/4
  2273 | D:3      | XOM: cloud trail
  2325 | D:3      | XOM: divination: detect creatures
  2643 | D:3      | Found a radiant altar of Vehumet.
  2675 | D:3      | XOM: noise
  2682 | D:3      | Noticed Sigmund
  2682 | D:3      | XOM: enchant monster (bad)
  2687 | D:3      | XOM: summons 4 friendly demons
  2701 | D:3      | XOM: chaos upgrade
  2707 | D:3      | XOM: harmless Air miscast
  3096 | D:3      | XOM: butterfly on damage
  3101 | D:3      | Killed Sigmund
  3101 | D:3      | Reached XP level 5. HP: 16/46 MP: 5/5
  3434 | D:4      | Reached XP level 6. HP: 32/52 MP: 6/6
  3437 | D:4      | XOM: smoke on damage
  3438 | D:4      | Reached skill level 1 in Polearms
  3463 | D:4      | XOM: noise
  3473 | D:4      | XOM: noise
  3856 | D:4      | XOM: give mutation
  3856 | D:4      | Gained mutation: You evolve. [Xom's mischief]
  4045 | D:4      | Got a translucent short sword
  4046 | D:4      | Identified the +7 short sword of Ceckab {vamp, rElec rN++ Str-4 Dex+2} (You found it on level 4 of the Dungeon)
  4138 | D:4      | XOM: scenery: create altars
  4150 | D:5      | Entered Level 5 of the Dungeon
  4167 | D:5      | XOM: 1-stop teleportation journey
  4221 | D:5      | Reached skill level 5 in Dodging
  4230 | D:5      | Found a shattered altar of Ashenzari.
  4250 | D:5      | Reached skill level 1 in Short Blades
  4250 | D:5      | Your scales start taking on a glossy black colour.
  4250 | D:5      | Reached XP level 7. HP: 56/59 MP: 7/7
  4250 | D:5      | Gained mutation: You are resistant to electric shocks. (rElec) [Black Draconian growth]
  4268 | D:5      | XOM: god gift: scroll of teleportation
  4294 | D:5      | Noticed Grinder
  4296 | D:5      | XOM: fog
  4320 | D:5      | XOM: divination: detect creatures
  4339 | D:5      | XOM: enchant monster (good)
  4351 | D:5      | Found Nuikau's Antique Armour Boutique.
  4360 | D:5      | Bought a shiny shield for 180 gold pieces
  4374 | D:5      | Killed Grinder
  4374 | D:5      | Reached skill level 2 in Short Blades
  4463 | D:5      | XOM: give mutations
  4463 | D:5      | Gained mutation: You possess an exceptional clarity of mind. [Xom's grace]
  4463 | D:5      | Gained mutation: You have a pair of small horns on your head. [Xom's grace]
  4463 | D:5      | Gained mutation: Your system is resistant to poisons. (rPois) [Xom's grace]
  4463 | D:5      | Gained mutation: Your tail ends in a poisonous barb. [Xom's grace]
  4732 | D:5      | XOM: give mutations
  4732 | D:5      | Gained mutation: You have sharp toenails. [Xom's grace]
  4732 | D:5      | Gained mutation: You have a pair of horns on your head. [Xom's grace]
  4732 | D:5      | Lost mutation: You evolve. [Xom's grace]
  4732 | D:5      | Gained mutation: You are somewhat resistant to further mutation. [Xom's grace]
  4732 | D:5      | Gained mutation: You passively map a small area around you. [Xom's grace]
  4775 | D:5      | XOM: smoke on damage
  4801 | D:5      | XOM: give mutation
  4801 | D:5      | Gained mutation: You have very sharp teeth. [Xom's grace]
  4815 | D:5      | XOM: give mutation
  4815 | D:5      | Gained mutation: Your flesh is heat resistant. (rF+) [Xom's grace]
  4938 | D:5      | Reached skill level 3 in Short Blades
  4938 | D:5      | Reached skill level 1 in Shields
  4955 | D:5      | Found a shadowy altar of Dithmenos.
  4983 | D:5      | XOM: cleaving
  5128 | D:5      | XOM: harmless Tmut miscast
  5294 | D:5      | Bought a pair of gloves for 108 gold pieces
  5316 | D:6      | XOM: noise
  5321 | D:6      | XOM: potion effect (brilliance)
  5326 | D:6      | Reached XP level 8. HP: 50/66 MP: 8/8
  5333 | D:6      | Reached skill level 4 in Short Blades
  5374 | D:6      | XOM: 1-stop teleportation journey
  5493 | D:6      | Reached skill level 5 in Short Blades
  5515 | D:6      | XOM: 1-stop teleportation journey
  5623 | D:6      | Found a staircase to the Ecumenical Temple.
  5640 | Temple   | Entered the Ecumenical Temple
  5766 | D:6      | Lost mutation: You are somewhat resistant to further mutation. [potion of mutation]
  5766 | D:6      | Lost mutation: You have a pair of horns on your head. [potion of mutation]
  5766 | D:6      | Lost mutation: You passively map a small area around you. [potion of mutation]
  5766 | D:6      | Lost mutation: Your flesh is heat resistant. (rF+) [potion of mutation]
  5766 | D:6      | Gained mutation: You are agile. (Dex +2) [potion of mutation]
  5766 | D:6      | Gained mutation: Your muscles are strong. (Str +2) [potion of mutation]
  5866 | D:6      | Found a sparkling altar of Nemelex Xobeh.
  5947 | D:6      | XOM: god gift: 50 gold pieces
  5978 | D:7      | Found a deep blue altar of Sif Muna.
  6003 | D:7      | Reached skill level 5 in Shields
  6087 | D:7      | Reached skill level 6 in Short Blades
  6170 | D:7      | Noticed Joseph
  6176 | D:7      | XOM: summons friendly white imp
  6185 | D:7      | Killed Joseph
  6185 | D:7      | Reached XP level 9. HP: 66/71 MP: 9/9
  6294 | D:7      | XOM: blink monster(s)
  6357 | D:7      | XOM: divination: detect creatures
  6452 | D:7      | Reached skill level 7 in Short Blades
  6606 | D:7      | XOM: god gift: potion of invisibility
  6717 | D:7      | Found a runed door.
  6721 | D:7      | Noticed Crazy Yiuf
  6727 | D:7      | Killed Crazy Yiuf
  6854 | D:7      | XOM: fog
  7053 | D:7      | Found a blossoming altar of Fedhas.
  7054 | D:7      | XOM is BORED!
  7054 | D:7      | XOM: give mutations
  7054 | D:7      | Lost mutation: Your system is resistant to poisons. (rPois) [Xom's mischief]
  7054 | D:7      | Lost mutation: You possess an exceptional clarity of mind. [Xom's mischief]
  7293 | D:8      | Noticed a two-headed ogre
  7295 | D:8      | Found a staircase to the Lair.
  7297 | D:8      | XOM: divination: magic mapping
  7307 | D:8      | Killed a two-headed ogre
  7307 | D:8      | Reached skill level 5 in Fighting
  7307 | D:8      | Reached skill level 8 in Short Blades
  7307 | D:8      | Noticed an efreet
  7307 | D:8      | a hell hound changed into an efreet
  7307 | D:8      | XOM: polymorph hell hound -> efreet
  7323 | D:8      | Killed from afar by an efreet

Skill      XL: |  1  2  3  4  5  6  7  8  9 |
---------------+----------------------------+-----
Fighting       | 4 5 |  5.3
Dodging        | 3 4 5 6 |  6.3
Axes           | 4 |  4.9
Polearms       | 2 |  2.5
Short Blades   | 1 3 6 8 |  8.2
Shields        | 2 5 6 |  6.8

Action                   |  1- 3 |  4- 6 |  7- 9 || total
-------------------------+-------+-------+-------++-------
Melee: Hand axe          |   130 |    82 |       ||   212
       Tailslap          |    17 |    14 |    31 ||    62
       Scythe            |       |    40 |       ||    40
       Short sword       |       |    26 |   286 ||   312
       Headbutt          |       |       |    36 ||    36
       Kick              |       |       |    56 ||    56
       Bite              |       |       |    19 ||    19
 Abil: Breathe Lightning |       |       |     1 ||     1
  Use: Scroll            |     4 |     8 |     7 ||    19
       Potion            |     1 |     3 |    13 ||    17
 Stab: Petrified         |     3 |       |       ||     3
       Confused          |       |     1 |       ||     1
       Paralysed         |       |     1 |       ||     1
       Distracted        |       |       |     2 ||     2
       Sleeping          |       |       |     2 ||     2
  Eat: Ration            |     2 |     3 |     2 ||     7
       Chunk             |       |       |     4 ||     4
Armor: Skin              |    53 |    36 |    44 ||   133
Dodge: Dodged            |   117 |   104 |   117 ||   338
Block: Shield            |       |       |   135 ||   135
